Map: Frozen Temple

Players

Vegard

  • Race: Zerg Zerg
  • League: Diamond

llllllllllll - Winner!

  • Race: Protoss Protoss
  • League: Diamond

VOD

Have the link to the VOD?

Description

Time

  • Played on: Oct. 11, 2016, 4:32 p.m.
  • Length: 14:10
Show
View Real Time Build Order
Export as new Build Order

Vegard Zerg 

Build Orders: Hatch First 

Get SALT Encoding   

  12  0:01  Drone  
  13  0:13  Overlord  
  13  0:17  Drone  
  14  0:31  Drone x2  
  16  0:52  Hatchery  
  16  0:54  Drone  
  16  0:58  Drone  
  16  1:01  Drone  
  18  1:07  Drone  
  19  1:18  Spawning Pool  
  19  1:22  Drone  
  19  1:31  Drone  
  20  1:34  Extractor  
  20  1:39  Drone  
  20  1:51  Drone  
  21  2:01  Drone  
  22  2:05  Queen  
  22  2:06  Queen  
  22  2:07  Overlord  
  26  2:12  Zergling x2  
  27  2:15  Zergling x2  
  28  2:25  Overlord  
  28  2:27  Zergling x2  
  29  2:36  Drone x2  
  31  2:43  Queen  
  33  2:45  Drone  
  33  2:47  Lair, Drone  
  35  2:57  Drone  
  35  2:58  Roach Warren  
  35  2:59  Drone  
  36  3:10  Drone x2  
  37  3:25  Drone x6  
  42  3:30  Drone  
  42  3:33  Extractor  
  42  3:40  Overlord  
  42  3:43  Extractor  
  42  3:44  Drone  
  42  3:45  Hatchery, Drone  
  42  3:49  Glial Reconstitution  
  42  4:04  Roach x2  
  42  4:05  Roach x2, Drone  
  51  4:22  Evolution Chamber  
  51  4:23  Evolution Chamber  
  51  4:24  Drone, Overlord x3  
  50  4:25  Overlord  
  50  4:32  Overlord  
  50  4:39  Drone  
  50  4:44  Drone x6  
  57  4:53  Extractor, Drone  
  57  4:56  Zerg Missile Weapons Level 1  
  57  4:57  Zerg Ground Armor Level 1  
  46  5:34  Roach x9  
  63  5:46  Roach  
  63  5:47  Roach  
  65  6:04  Drone x2  
  65  6:06  Drone x2  
  65  6:07  Drone  
  65  6:08  Drone  
  65  6:10  Drone  
  71  6:24  Ravager x2  
  71  6:25  Ravager  
  74  6:28  Drone  
  74  6:29  Drone  
  74  6:30  Drone x3  
  79  6:33  Extractor  
  79  6:35  Extractor  
  79  6:39  Ravager  
  78  6:40  Queen  
  80  6:52  Roach x3  
  80  6:53  Roach, Drone x2  
  80  6:54  Drone x3  
  92  6:57  Drone  
  92  7:00  Drone x2  
  68  7:40  Spore Crawler x2  
  68  7:42  Queen  
  68  7:43  Spore Crawler  
  61  7:44  Spore Crawler x2  
  61  7:45  Spore Crawler  
  61  7:46  Spore Crawler  
  61  7:47  Spore Crawler x2  
  61  7:48  Spore Crawler  
  61  7:50  Queen, Spore Crawler  
  55  7:54  Zerg Missile Weapons Level 2  
  52  8:12  Drone x5  
  57  8:19  Hydralisk Den  
  56  8:21  Drone  
  56  8:22  Spore Crawler  
  56  8:24  Drone  
  57  8:37  Drone  
  57  8:39  Drone x3  
  61  9:04  Hatchery  
  60  9:24  Hatchery  
  60  9:29  Roach x2, Hydralisk x4  
  60  9:30  Roach x3  
  75  9:41  Muscular Augments  
  75  9:43  Zerg Ground Armor Level 2  
  75  9:52  Ravager x3  
  78  9:53  Ravager x2  
  78  9:54  Ravager x4  
  78  9:58  Hydralisk  
  86  10:12  Hydralisk  
  88  10:25  Hatchery  
  87  10:45  Hydralisk  
  87  10:46  Roach  
  87  10:47  Overlord x2  
  87  10:48  Overlord x2  
  87  10:49  Hatchery  
  90  10:57  Drone  
  91  11:05  Drone  
  91  11:08  Hydralisk x3  
  78  11:24  Overseer x2  
  77  11:26  Drone  
  77  11:27  Drone x4  
  82  11:40  Pneumatized Carapace  
  82  11:42  Drone  
  67  12:29  Hydralisk  
  41  12:30  Roach x3, Hydralisk x2  
  41  12:31  Roach x4  
  61  12:42  Spore Crawler x2  
  52  13:09  Hydralisk  
  52  13:10  Roach x3  
  26  13:21  Roach  
Show
View Real Time Build Order
Export as new Build Order

llllllllllll Protoss - Winner!

Build Orders: Nexus First 

Get SALT Encoding   

  12  0:01  Probe (Chrono Boost)  
  13  0:11  Probe (Chrono Boost)  
  14  0:22  Probe (Chrono Boost)  
  14  0:28  Pylon  
  15  0:46  Probe (Chrono Boost)  
  16  0:57  Probe (Chrono Boost)  
  17  1:05  Nexus  
  17  1:14  Probe (Chrono Boost)  
  18  1:20  Gateway  
  18  1:25  Assimilator  
  18  1:30  Assimilator  
  18  1:31  Probe (Chrono Boost)  
  19  1:41  Probe (Chrono Boost)  
  20  1:49  Pylon  
  20  1:54  Gateway  
  20  1:57  Probe (Chrono Boost)  
  21  2:08  Probe (Chrono Boost)  
  22  2:14  Cybernetics Core  
  22  2:17  Probe (Chrono Boost)  
  22  2:18  Probe (Chrono Boost)  
  24  2:28  Probe (Chrono Boost)  
  24  2:29  Probe (Chrono Boost)  
  26  2:38  Probe (Chrono Boost)  
  26  2:39  Probe (Chrono Boost)  
  26  2:44  Pylon  
  28  2:49  Probe (Chrono Boost)  
  29  2:52  Adept x2  
  33  2:58  Pylon  
  33  3:10  Mothership Core (Chrono Boost)  
  35  3:28  Probe (Chrono Boost)  
  35  3:30  Probe (Chrono Boost), Adept  
  35  3:31  Assimilator  
  35  3:34  Adept  
  41  3:35  Assimilator  
  41  3:39  Probe (Chrono Boost)  
  43  3:42  Probe (Chrono Boost), Stargate  
  43  3:49  Probe (Chrono Boost)  
  43  3:50  Warp Gate  
  43  3:54  Probe (Chrono Boost)  
  45  4:00  Probe (Chrono Boost), Adept  
  46  4:03  Adept  
  46  4:06  Probe (Chrono Boost)  
  46  4:09  Stargate  
  51  4:14  Stargate  
  51  4:17  Probe (Chrono Boost)  
  52  4:21  Probe (Chrono Boost)  
  53  4:27  Probe (Chrono Boost)  
  54  4:45  Pylon  
  54  4:52  Forge  
  54  5:03  Probe (Chrono Boost)  
  54  5:04  Probe (Chrono Boost)  
  56  5:13  Probe (Chrono Boost)  
  55  5:16  Probe (Chrono Boost)  
  55  5:20  Oracle x2  
  62  5:32  Probe (Chrono Boost)  
  61  5:38  Pylon  
  61  5:40  Pylon  
  61  5:42  Pylon  
  61  5:44  Oracle  
  62  5:56  Oracle x2  
  62  6:12  Gateway x2  
  62  6:19  Oracle  
  62  6:21  Pylon  
  62  6:23  Photon Cannon x2  
  62  6:24  Photon Cannon  
  65  6:29  Pylon  
  65  6:32  Oracle x2  
  71  6:34  Photon Cannon  
  71  6:38  Photon Cannon  
  71  6:51  Pylon  
  71  6:52  Pylon  
  71  6:55  Pylon  
  71  7:00  Gateway  
  71  7:01  Gateway  
  71  7:02  Gateway  
  71  7:03  Gateway  
  71  7:06  Oracle  
  74  7:12  Oracle  
  75  7:20  Oracle  
  78  7:25  Pylon  
  78  7:27  Mothership Core (Chrono Boost)  
  80  7:45  Oracle  
  80  7:47  Oracle  
  80  7:48  Adept  
  80  7:49  Adept  
  90  7:55  Oracle  
  93  8:20  Oracle  
  93  8:23  Oracle  
  99  8:40  Pylon  
  99  8:42  Pylon  
  99  8:45  Pylon  
  99  8:46  Adept x3  
  99  8:47  Adept x4, Pylon  
  113  8:50  Pylon  
  113  8:53  Oracle  
  116  8:56  Oracle  
  119  9:05  Oracle  
  122  9:11  Adept  
  122  9:12  Adept x2  
  128  9:46  Adept x2  
  128  9:47  Adept x4  
  140  9:56  Twilight Council  
  140  10:01  Nexus  
  140  10:10  Adept x2  
  140  10:11  Adept x2  
  148  10:40  Adept x2, Pylon  
  148  10:41  Adept  
  148  10:42  Adept  
  156  10:43  Adept  
  156  10:44  Adept x2  
  162  10:53  Pylon  
  162  10:55  Pylon  
  162  11:00  Pylon  
  159  11:25  Adept x5  
  165  11:26  Adept x2  
  173  11:46  Adept x5  
  183  12:06  Adept x2  
  183  12:07  Adept x3  
Tags
 
Add a new tag
Caveats
  • Supply blocks, unpowered buildings, or Contaminate may cause inaccurate times.
  • Supply counts are checked every 10 seconds.